 Dungeon Crawl Stone Soup version 0.29.1 (webtiles) character file.

Game seed: 13402523353335074872

45 groovy9 the Ruffian (level 3, -1/36 HPs)
             Began as a Troll Fighter on Sept 12, 2022.
             Slain by a gnoll
             ... wielding a +0 spear
              (5 damage)
             ... on level 2 of the Dungeon.
             The game lasted 00:01:45 (799 turns).

groovy9 the Ruffian (Troll Fighter)                  Turns: 799, Time: 00:01:46

Health: -1/36      AC:  4    Str: 30    XL:     3   Next: 42%
Magic:  2/2        EV:  8    Int:  6    God:
Gold:   50         SH: 12    Dex:  9    Spells: 2/2 levels left

rFire   . . .      SeeInvis .     - Unarmed
rCold   . . .      Faith    .   b - +0 kite shield
rNeg    . . .      Spirit   .   a - +0 robe
rPois   .          Reflect  +   (helmet restricted)
rElec   .          Harm     .   (no cloak)
rCorr   +          Rampage  .   (gloves unavailable)
Will    .....                   (boots unavailable)
Stlth   +.........              f - amulet of reflection
HPRegen 0.92/turn               m - ring of resist corrosion
MPRegen 0.08/turn               q - +6 ring of strength

@: mighty
A: large, unfitting armour, claws 3, regeneration 1, shaggy fur 1, tough skin 1
a: no special abilities


You were on level 2 of the Dungeon.
You visited 1 branch of the dungeon, and saw 2 of its levels.

You collected 50 gold pieces.

Inventory:

Armour
 a - a +0 robe (worn)
 b - a +0 kite shield (worn)
Jewellery
 f - an amulet of reflection (around neck)
 m - a ring of resist corrosion (left claw)
 q - a +6 ring of strength (right claw)
Scrolls
 d - a scroll of acquirement {unknown}
 k - 2 scrolls of poison {unknown}
 p - a scroll of torment {unknown}
 r - a scroll of identify {unknown}
Potions
 e - a potion of ambrosia {unknown}
 g - a potion of flight {unknown}
 h - a potion of degeneration {unknown}
 i - 2 potions of invisibility {unknown}
 j - a potion of curing {unknown}
 l - a potion of haste {unknown}
 n - a potion of berserk rage {unknown}
 o - a potion of mutation {unknown}
 s - 2 potions of resistance {unknown}


   Skills:
 - Level 2.5 Fighting
 - Level 2.5 Dodging
 - Level 2.8 Shields
 + Level 3.4 Unarmed Combat


You had 2 spell levels left.
You didn't know any spells.
Your spell library was empty.

Dungeon Overview and Level Annotations

Branches:
Dungeon (2/15)

Altars:


Innate Abilities, Weirdness & Mutations

You are too large for most types of armour.
You have claws for hands.
Your natural rate of healing is unusually fast.
You are covered in fur. (AC +1)
You have tough skin. (AC +1)


Message History

The gnoll is severely wounded.
You block the gnoll's attack. The gnoll hits you with a +0 spear!
You closely miss the gnoll.
The gnoll is severely wounded.
The gnoll hits you from afar with a +0 spear.
The gnoll hits you with a +0 spear.
You are too injured to fight recklessly!
You are too injured to fight recklessly!
You are too injured to fight recklessly!
You are too injured to fight recklessly!
You are too injured to fight recklessly!
You are too injured to fight recklessly!
You are too injured to fight recklessly!
You are too injured to fight recklessly!
You are too injured to fight recklessly!
You are too injured to fight recklessly!
You are too injured to fight recklessly!
You are too injured to fight recklessly!
You are too injured to fight recklessly!
You are too injured to fight recklessly!
You are too injured to fight recklessly!
The gnoll attacks as you move away! You block the gnoll's attack.
The gnoll hits you from afar with a +0 spear!
The gnoll attacks as you move away! The gnoll hits you with a +0 whip.
The gnoll attacks as you move away! The gnoll hits you with a +0 whip.
The gnoll attacks as you move away! You block the gnoll's attack.
You closely miss the gnoll. You block the gnoll's attack. x2
You barely miss the gnoll. You block the gnoll's attack.
The gnoll hits you from afar with a +0 spear!
You claw the gnoll!
You kill the gnoll!
The gnoll hits you from afar with a +0 spear.
You block the gnoll's attack. x2
The gnoll hits you from afar with a +0 spear!
* * * LOW HITPOINT WARNING * * *
Things that are here:
a +0 whip; a gnoll corpse You feel very mighty all of a sudden.
The gnoll hits you with a +0 spear.
You die...

### ##.## ##...#######
#..........#
##...#####.###########
##.######...........##
#.##.....###.####...##
#.##.###....#.@gg....#
###.##.#
#####.###g....#
....##.# #.# #.#.#.#
##..##.# #.# #.....#
#..##.# #.# #g....#
##..##.# #.# #..)..#
#...##.# #.# #.....#
#..###.## #.# #.....#
.......... ..# ##..#.#


You could see 3 gnolls.

Vanquished Creatures
  A gnoll (D:2)
  An adder (D:2)
  A ball python (D:2)
  3 endoplasms (D:1)
  4 goblins
  2 hobgoblins
  7 bats
  5 kobolds (D:1)
  2 rats
26 creatures vanquished.

Notes
Turn   | Place    | Note
-------+----------+-------------------------------------------
     0 | D:1      | groovy9 the Troll Fighter began the quest for the Orb.
     0 | D:1      | Reached XP level 1. HP: 22/22 MP: 0/0
    33 | D:1      | Reached XP level 2. HP: 29/29 MP: 1/1
   744 | D:2      | Reached skill level 3 in Unarmed Combat
   744 | D:2      | Reached XP level 3. HP: 33/36 MP: 2/2
   799 | D:2      | Slain by a gnoll

Illustrated notes

Levels and vault maps discovered:
D:1:      psy_arrival_whirlpool, layout_rooms, chequers_serial_rivers_micro_c
D:2:      layout_loops_ring, serial_shops, shop, uniq_jessica

Skill      XL: |  1  2 |
---------------+-------+-----
Unarmed Combat | 3 |  3.4
Fighting       | |  2.5
Dodging        | |  2.5
Shields        | |  2.8

Action                   || total
-------------------------++-------
Melee: Unarmed           ||    64
  Use: Potion            ||     1
 Stab: Sleeping          ||     1
Armor: Robe              ||    28
Dodge: Dodged            ||    26
Block: Kite shield       ||    45
